 Dungeon Crawl Stone Soup version 0.28.0-53-g5a82cb258f (webtiles) character file.

Game seed: 9865074148026692219

22 bnorton916 the Firebug (level 2, 0/15 HPs)
             Began as a Deep Elf Fire Elementalist on June 4, 2022.
             Constricted to death by a ball python (1 damage)
             ... on level 2 of the Dungeon.
             The game lasted 00:00:59 (1203 turns).

bnorton916 the Firebug (Deep Elf Fire Elementalist) Turns: 1203, Time: 00:01:00

Health: 0/15       AC:  3    Str:  5    XL:     2   Next: 68%
Magic:  5/8        EV:  9    Int: 19    God:
Gold:   16         SH:  0    Dex: 15    Spells: 7/8 levels left

rFire   . . .      SeeInvis .   (no weapon)
rCold   . . .      Faith    .   (no shield)
rNeg    . . .      Spirit   .   a - +0 robe
rPois   .          Reflect  .   (no helmet)
rElec   .          Harm     .   j - +0 cloak
rCorr   .          Rampage  .   (no gloves)
Will    .....                   (no boots)
Stlth   ++........              (no amulet)
HPRegen 0.05/turn               (no ring)
MPRegen 0.11/turn               (no ring)

@: constricted
A: no striking features
a: no special abilities


You were on level 2 of the Dungeon.
You visited 1 branch of the dungeon, and saw 2 of its levels.

You collected 16 gold pieces.

Inventory:

Hand Weapons
 c - a +2 vampiric whip
Missiles
 g - 9 stones
 i - 5 poisoned darts
Armour
 a - a +0 robe (worn)
 j - a +0 cloak (worn)
Scrolls
 e - a scroll of torment {unknown}
 f - a scroll of silence {unknown}
 h - 3 scrolls of identify {unknown}
Potions
 b - 4 potions of curing {unknown}
 d - a potion of degeneration {unknown}


   Skills:
 - Level 2.4 Dodging
 - Level 2.4 Stealth
 + Level 3.6 Spellcasting
 + Level 2.0 Conjurations
 + Level 3.6 Fire Magic


You had 7 spell levels left.
You knew the following spells:

 Your Spells              Type           Power      Damage    Failure   Level
a - Foxfire               Conj/Fire      56%        2x1d6     4%          1

Your spell library contained the following spells:

 Spells                   Type           Power      Damage    Failure   Level
 Scorch                   Fire           34%        2d6       4%          2
 Conjure Flame            Conj/Fire      14%        6-21      13%         3
 Inner Flame              Hex/Fire       10%        N/A       21%         3
 Flame Wave               Conj/Fire      14%        2d6       41%         4


Dungeon Overview and Level Annotations

Branches:
Dungeon (2/15)

Altars:


Message History

A ball python comes into view.
The ball python bites you but does no damage.
The ball python grabs you. The ball python constricts you.
You see here a +0 robe.
You escape the ball python's grasp.
The adder bites you.
You are poisoned.
The adder poisons you!
You feel sick.
You feel sick.
A frilled lizard comes into view.
You feel sick.
Casting: Foxfire (safe; 4% risk of failure)
Confirm with . or Enter, or press ? or * to list all spells.
You conjure some foxfire!
The frilled lizard hisses angrily.
You feel sick. The adder closely misses you. The adder barely misses you.
The foxfire hits the frilled lizard.
You kill the frilled lizard!
Your Conjurations skill increases to level 2!
You feel sick. The adder bites you.
* * * LOW HITPOINT WARNING * * *
You feel sick.
The foxfire hits the adder.
The adder is lightly wounded.
You see here a frilled lizard corpse.
Casting: Foxfire (safe; 4% risk of failure)
Confirm with . or Enter, or press ? or * to list all spells.
You conjure some foxfire!
You feel sick.
You are no longer poisoned.
The adder barely misses you. The adder closely misses you.
The foxfire hits the adder.
The adder is lightly wounded.
Unknown command.
The foxfire hits the adder.
The adder is severely wounded.
Casting: Foxfire (safe; 4% risk of failure)
Confirm with . or Enter, or press ? or * to list all spells.
You conjure some foxfire!
The adder misses you. The ball python bites you.
* * * LOW HITPOINT WARNING * * *
The ball python grabs you. The ball python constricts you.
You die...

#.. ... .. ##.# .. .#
##..####. #.#
#.#.....#.# ..
#.#.#..##S###.###
#.#.#.#.[#).#...#
#.#.#.###.##....#
#..vS.# #g#S........
####..@S##..####.....##
+....v......... .......
####......####. .#...##
##..#### .##..# ##.# .#
#.# #.# .# .# #.# #.#
#.#


You could see an adder (ally target) and a ball python.

Vanquished Creatures
  A dart slug (D:1)
  2 bats (D:1)
  2 endoplasms (D:1)
  A giant cockroach (D:1)
  2 hobgoblins (D:1)
  2 jackals (D:1)
  2 frilled lizards
  2 kobolds (D:1)
  6 rats
20 creatures vanquished.

Vanquished Creatures (collateral kills)
  6 foxfires (D:1)
6 creatures vanquished.

Vanquished Creatures (others)
  111 foxfires
111 creatures vanquished.

Grand Total: 137 creatures vanquished

Notes
Turn   | Place    | Note
-------+----------+-------------------------------------------
     0 | D:1      | bnorton916 the Deep Elf Fire Elementalist began the quest
                  | for the Orb.
     0 | D:1      | Reached XP level 1. HP: 10/10 MP: 6/6
   291 | D:1      | Reached XP level 2. HP: 15/15 MP: 6/8
  1203 | D:2      | Constricted to death by a ball python

Illustrated notes

Levels and vault maps discovered:
D:1:      minmay_arrival_semitransparent, layout_rooms, st_stairs_7,
          serial_bayou_lagoon_a
D:2:      layout_loops_corners, minmay_octomino_j4

Skill      XL: |  1  2 |
---------------+-------+-----
Conjurations   | 2 |  2.0
Dodging        | |  2.4
Stealth        | |  2.4
Spellcasting   | |  3.6
Fire Magic     | |  3.6

Action                   || total
-------------------------++-------
 Cast: Foxfire           ||    67
Armor: Robe              ||     2
Dodge: Dodged            ||    10
